 Dungeon Crawl Stone Soup version 0.29.1-13-g9f3cf754e1 (webtiles) character file.

Game seed: 10091246095552677069

58 Dvallin the Conjurer (level 3, -3/26 HPs)
             Began as a Draconian Conjurer on Jan 24, 2023.
             Slain by Grinder (7 damage)
             ... while paralysed by Grinder
             ... on level 3 of the Dungeon.
             The game lasted 00:03:15 (2732 turns).

Dvallin the Conjurer (Draconian Conjurer)           Turns: 2732, Time: 00:03:15

Health: -3/26      AC:  8    Str:  9    XL:     3   Next: 76%
Magic:  1/7        EV:  2    Int: 20    God:
Gold:   102        SH:  0    Dex:  9    Spells: 4/7 levels left

rFire   . . .      SeeInvis .   e - staff of death
rCold   . . .      Faith    .   (no shield)
rNeg    + . .      Spirit   .   (body armour unavailable)
rPois   .          Reflect  .   (helmet restricted)
rElec   .          Harm     .   (no cloak)
rCorr   .          Rampage  .   i - +2 pair of gloves
Will    .....                   (no boots)
Stlth   ++........              (no amulet)
HPRegen 0.08/turn               (no ring)
MPRegen 0.10/turn               (no ring)

@: paralysed
A: AC +5, unfitting armour, cold-blooded
a: no special abilities


You were on level 3 of the Dungeon.
You visited 1 branch of the dungeon, and saw 3 of its levels.

You collected 102 gold pieces.

Inventory:

Hand Weapons
 d - a +0 short sword
Armour
 i - a +2 pair of gloves (worn)
Magical Staves
 e - a staff of death (weapon)
Scrolls
 c - a scroll of fear {unknown}
 g - 2 scrolls of magic mapping {unknown}
 h - 2 scrolls of identify {unknown}
 j - a scroll of noise {unknown}
 l - a scroll of vulnerability {unknown}
 o - a scroll of immolation {unknown}
 q - a scroll of poison {unknown}
Potions
 a - a potion of magic
 b - 5 potions of curing
 f - a potion of experience {unknown}
 k - 2 potions of attraction {unknown}
 m - 2 potions of mutation {unknown}
 n - a potion of heal wounds {unknown}
 p - a potion of flight {unknown}
 r - 3 potions of haste {unknown}


   Skills:
 - Level 1.7 Dodging
 - Level 1.7 Stealth
 + Level 2.7 Spellcasting
 * Level 5.0 Conjurations


You had 4 spell levels left.
You knew the following spells:

 Your Spells              Type           Power      Damage    Failure   Level
a - Magic Dart            Conj           92%        1d7       1%          1
b - Searing Ray           Conj           46%        2d6       2%          2

Your spell library contained the following spells:

 Spells                   Type           Power      Damage    Failure   Level
 Dazzling Flash           Conj/Hex       24%        N/A       16%         3
 Fulminant Prism          Conj/Hex       6%         3d7       45%         4
 Iskenderun's Mystic Bla  Conj/Tloc      12%        2d5       45%         4


Dungeon Overview and Level Annotations

Branches:
Dungeon (3/15)

Altars:
Uskayaw

Shops:
D:2 (

Annotations:
D:3 Grinder


Innate Abilities, Weirdness & Mutations

Your plain brown scales are hard. (AC +5)
You cannot fit into any form of body armour.
You are cold-blooded and may be slowed by cold attacks.


Message History

You kill the bat! (Press . to maintain the ray.) Grinder hits you.
The searing ray hits Grinder.
Grinder is moderately wounded.
Grinder blinks!
The searing ray hits Grinder.
Grinder is heavily wounded.
You closely miss Grinder.
Grinder is heavily wounded.
Grinder hits you but does no damage.
You hit Grinder but do no damage. You tail-slap Grinder.
Grinder is heavily wounded.
Grinder gestures at you. Pain shoots through your body!
You hit Grinder but do no damage.
Grinder is heavily wounded.
Grinder blinks!
Your magical contamination has completely faded away.
Grinder says, "My boss said I was rubbish.
His entrails said otherwise."
Grinder hits you but does no damage.
You hit Grinder.
Grinder is heavily wounded.
Grinder closely misses you.
You closely miss Grinder.
Grinder is heavily wounded.
Grinder barely misses you. x2
You hit Grinder.
Grinder is severely wounded.
Grinder gestures at you. Pain shoots through your body!
* * * LOW HITPOINT WARNING * * *
You hit Grinder.
You tail-slap Grinder, but do no damage.
Grinder is severely wounded.
Grinder says, "At least Makhleb appreciates what I'm doing."
Grinder gestures at you.
You suddenly lose the ability to move!
Grinder hits you!
You die...

.# # #.# .# #.. ##
#.# .# #.# .# #.#
.. #.# .###.#
.#### #.# ...#.#
#<... ..#
##.#.###..# #.#
#...##..# #.#
##....>########@##
#####†.......5..#
#.#########.# #.#
#.# #.# #.# ...
..# ... ... ....
.... .## ....


You could see Grinder.

Vanquished Creatures
  2 adders (D:2)
  2 worms (D:2)
  3 ball pythons
  4 bats
  An endoplasm (D:2)
  2 giant cockroaches
  2 goblins
  2 hobgoblins
  2 jackals (D:2)
  3 kobolds
  3 quokkas
  5 frilled lizards
  3 rats
34 creatures vanquished.

Notes
Turn   | Place    | Note
-------+----------+-------------------------------------------
     0 | D:1      | Dvallin the Draconian Conjurer began the quest for the Orb.
     0 | D:1      | Reached XP level 1. HP: 14/14 MP: 3/3
   364 | D:1      | Reached XP level 2. HP: 20/20 MP: 3/5
   893 | D:1      | Learned a level 2 spell: Searing Ray
  1217 | D:2      | HP: 1/20 [poisoned by an adder]
  1223 | D:2      | Reached XP level 3. HP: 14/26 MP: 1/6
  1544 | D:2      | Found Gyiptel's Weapon Boutique.
  2070 | D:2      | Reached skill level 5 in Conjurations
  2475 | D:3      | Found a hide-covered altar of Uskayaw.
  2711 | D:3      | Noticed Grinder
  2731 | D:3      | Paralysed by Grinder for 3 turns
  2732 | D:3      | Slain by Grinder

Illustrated notes

Levels and vault maps discovered:
D:1:      dpeg_arrival_radiant, layout_basic
D:2:      layout_basic, serial_shops, nicolae_shop_advertising_works
          [nicolae_subvault_shop_adworks]
D:3:      layout_basic, eat_drink_and_be_merry_uskayaw, uniq_grinder

Skill      XL: |  1  2  3 |
---------------+----------+-----
Conjurations   | 5 |  5.0
Dodging        | |  1.7
Stealth        | |  1.7
Spellcasting   | |  2.7

Action                   || total
-------------------------++-------
Melee: Staff             ||    64
       Tailslap          ||     5
 Cast: Magic Dart        ||    52
       Searing Ray       ||     5
  Use: Potion            ||     1
Armor: Skin              ||    34
Dodge: Dodged            ||    48
